 Dungeon Crawl Stone Soup version 0.18-a0-739-gdae9da8 (webtiles) character file.

28 cluie the Insei (level 3, 27/27 HPs)
             Began as a Demonspawn Transmuter on Dec 10, 2015.
             Quit the game on level 2 of the Dungeon.
             The game lasted 00:01:10 (773 turns).

cluie the Insei (Demonspawn Transmuter)              Turns: 773, Time: 00:01:11

Health: 27/27      AC:  3    Str: 10    XL:     3   Next: 0%
Magic:  6/6        EV: 12    Int: 14    God:
Gold:   53         SH:  0    Dex: 14    Spells: 1 memorised, 5 levels left

rFire  . . .     SeeInvis .       - Unarmed
rCold  . . .     Clarity  .     b - +0 robe
rNeg   . . .     SustAt   .     (no shield)
rPois  .         Gourm    .     (helmet restricted)
rElec  .         Spirit   .     (no cloak)
rCorr  .         Dismiss  .     (no gloves)
rMut   .         Stasis   .     (no boots)
MR     .....                    (no amulet)
Stlth  +.........               (no ring)
                                (no ring)

@: not resistant to hostile enchantments, very unstealthy
A: antennae 1, icy blue scales 1
a: no special abilities


You were on level 2 of the Dungeon.
You were not hungry.

You visited 1 branch of the dungeon, and saw 2 of its levels.

You collected 53 gold pieces.

Inventory:

Missiles
 a - 67 arrows
 e - 18 arrows of frost
Armour
 b - a +0 robe (worn)
Jewellery
 h - an uncursed ring of invisibility {unknown}
Scrolls
 i - 3 scrolls of blinking {unknown}
 j - a scroll of identify {unknown}
Potions
 f - a potion of beneficial mutation {unknown}
Books
 c - a book of Changes

   Spells                             Type                      Level
   a - Beastly Appendage              Transmutation                1
   b - Sticks to Snakes               Transmutation                2
   c - Spider Form                    Transmutation/Poison         3
   d - Ice Form                       Ice/Transmutation            4
   e - Blade Hands                    Transmutation                5
Comestibles
 d - a bread ration
 g - a meat ration


   Skills:
 + Level 1.8 Fighting
 + Level 2.0 Dodging
 * Level 3.3 Unarmed Combat
 - Level 2.0 Spellcasting
 - Level 1.7 Transmutations


You had 5 spell levels left.
You knew the following spells:

 Your Spells              Type           Power        Failure   Level  Hunger
a - Beastly Appendage     Trmt           #.....       14%         1    ##.....


Dungeon Overview and Level Annotations

Branches:
Dungeon (2/15)

Altars:


Innate Abilities, Weirdness & Mutations

You have a pair of small antennae on your head.
You are partially covered in icy blue scales (AC +1).


Message History

You climb downwards.
Found 18 bolts.
There is a stone staircase leading up here.
You now have 53 gold pieces (gained 5).
HP restored.
A rat comes into view.
A rat is nearby!
A rat is nearby!
An adder comes into view.
The rat barely misses you.
You punch the rat!
You kill the rat!
You have reached level 3!
Your experience leads to an increase in your attributes!
Increase (S)trength, (I)ntelligence, or (D)exterity?
You feel agile.
Your demonic ancestry asserts itself...
A pair of antennae grows on your head!
Casting: Beastly Appendage
Confirm with . or Enter, or press ? or * to list all spells.
Okay, then.
Are you sure you want to abandon this character and quit the game? (Confirm with "yes".)

.# .# ... #.# #.#
##.###### #.# #.......#
#.# #..##.#.# #.# #
##..##.#.# #.# .##
####......#.####.#$..###
+.<.............@S......
####...#.##.#####†...###
##.(.....# .#.##
####.#### .# # #.# .#
..# .# .### .# #. .# #


You could see an adder.

Vanquished Creatures
  An ooze (D:1)
  2 giant geckos (D:1)
  A giant cockroach (D:1)
  5 goblins (D:1)
  2 hobgoblins (D:1)
  2 kobolds (D:1)
  2 bats (D:1)
  4 giant newts (D:1)
  3 rats
22 creatures vanquished.

Notes
Turn   | Place    | Note
--------------------------------------------------------------
     0 | D:1      | cluie the Demonspawn Transmuter began the quest for the Orb.
     0 | D:1      | Reached XP level 1. HP: 15/15 MP: 3/3
    54 | D:1      | Reached skill level 3 in Unarmed Combat
    62 | D:1      | Gained mutation: You are partially covered in icy blue scales (AC +1). [demonic ancestry]
    62 | D:1      | Reached XP level 2. HP: 9/21 MP: 3/5
   772 | D:2      | Gained mutation: You have a pair of small antennae on your head. [demonic ancestry]
   772 | D:2      | Reached XP level 3. HP: 27/27 MP: 6/6
   773 | D:2      | Quit the game

Vault maps used:
D:1:      evilmike_arrival_plus, dk_noncrumbling_2
D:2:      grunt_dithmenos_smoke_and_mirrors, ecumenical_altar_1, first_bread,
          kennysheep_nub, makhleb_heckhound_becter

Action                   || total
-------------------------++-------
Melee: Unarmed           ||    72
 Cast: Beastly Appendage ||     4
 Stab: Sleeping          ||     1
